 Dungeon Crawl Stone Soup version 0.18.1-48-g4cf74bf (webtiles) character file.

54 Larett the Covert (level 3, 0/18 HPs)
             Began as a Spriggan Assassin on July 15, 2016.
             Slain by an orc
             ... wielding a +0 whip
              (7 damage)
             ... on level 3 of the Dungeon.
             The game lasted 00:03:25 (2061 turns).

Larett the Covert (Spriggan Assassin)               Turns: 2061, Time: 00:03:26

Health: 0/18       AC:  3    Str:  7    XL:     3   Next: 66%
Magic:  4/4        EV: 16    Int: 12    God:
Gold:   124        SH:  0    Dex: 13    Spells: 0 memorised, 2 levels left

rFire  . . .     SeeInvis +     a - +2 dagger
rCold  . . .     Gourm    .     c - +0 robe
rNeg   . . .     Faith    .     (shield restricted)
rPois  .         Spirit   .     (helmet restricted)
rElec  .         Dismiss  .     d - +0 cloak
rCorr  .         Reflect  .     (gloves unavailable)
SustAt .         Harm     .     (boots unavailable)
MR     .....                    (no amulet)
Stlth  ++++......               (no ring)
                                k - -5 ring of dexterity (curse)

@: very quick, not resistant to hostile enchantments, stealthy
A: unfitting armour, see invisible, herbivore 3, speed 3, slow metabolism 2
a: no special abilities


You were on level 3 of the Dungeon.
You were not hungry.

You visited 1 branch of the dungeon, and saw 3 of its levels.

You collected 124 gold pieces.

Inventory:

Hand Weapons
 a - a +2 dagger (weapon)
 b - a +1 hunting sling
 h - a +0 blowgun
Missiles
 e - 8 poisoned needles
 f - 2 curare-tipped needles
 i - 103 stones (quivered)
 l - 15 sling bullets
 m - 16 bolts
 r - 34 arrows
Armour
 c - a +0 robe (worn)
 d - a +0 cloak (worn)
Jewellery
 k - a cursed -5 ring of dexterity (left hand)
Wands
 n - a wand of slowing (11/48)
Scrolls
 o - a scroll of teleportation
 s - a scroll of enchant weapon
Potions
 j - a potion of curing {unknown}
 p - 3 potions of agility {unknown}
 t - a potion of degeneration {unknown}
Comestibles
 g - a bread ration
 q - 3 fruits


   Skills:
 - Level 1.5 Fighting
 - Level 2.1 Short Blades
 - Level 2.0 Throwing
 - Level 1.5 Dodging
 + Level 8.1 Stealth


You had 2 spell levels left.
You didn't know any spells.

Dungeon Overview and Level Annotations

Branches:
Dungeon (3/15)

Altars:
Elyvilon
Okawaru


Innate Abilities, Weirdness & Mutations

You are tiny and cannot use many weapons and most armour.
You have supernaturally acute eyesight.
You are a herbivore.
You cover ground extremely quickly.
You need consume almost no food.


Message History

You shoot a stone. The stone barely misses the orc.
The stone hits the ball python.
You kill the ball python!
The orc completely misses you.
Firing (i - inventory. (,) - cycle):
i - 105 stones (quivered)
Press: ? - help, Shift-Dir - straight line, f/p - orc
Aim: an orc, wielding a whip and wearing a chain mail You shoot a stone.
The stone closely misses the orc.
The orc closely misses you. The orc hits you with a whip.
Firing (i - inventory. (,) - cycle):
i - 104 stones (quivered)
Press: ? - help, Shift-Dir - straight line, f/p - orc
Aim: an orc, wielding a whip and wearing a chain mail You shoot a stone.
The stone hits the orc.
The orc is lightly wounded.
The orc hits you but does no damage.
a - a +2 dagger (weapon)
You hit the orc but do no damage. The orc hits you with a whip.
* * * LOW HITPOINT WARNING * * *
You barely miss the orc. The orc hits you with a whip!
You die...

#.#
#.#####†#####...........♣.
###
#.......†........###...♣.♣
#######>..............♣.♣.
................###.♣.♣._
#############...# #..♣.♣.
####...# #...♣.♣ <#########
#......###....♣.
.........####..........#...♣
....(....(oi........##......
.........####..##...........
.........# ...##.##########
.......... ........
.........##.#.....##
.........##.#.###.#
.........##.#.# .#
..(......## #^# #


You could see an orc.

Vanquished Creatures
  An adder (D:2)
  2 giant geckos
  3 giant cockroaches
  4 goblins
  8 hobgoblins
  A ball python (D:3)
  4 bats
  2 giant newts (D:1)
  8 kobolds
  6 rats
39 creatures vanquished.

Notes
Turn   | Place    | Note
--------------------------------------------------------------
     0 | D:1      | Larett the Spriggan Assassin began the quest for the Orb.
     0 | D:1      | Reached XP level 1. HP: 10/10 MP: 2/2
    19 | D:1      | Reached skill level 6 in Stealth
   288 | D:1      | Reached XP level 2. HP: 6/14 MP: 3/3
   316 | D:1      | HP: 2/14 [hobgoblin/club (5)]
   663 | D:1      | Reached skill level 7 in Stealth
  1291 | D:1      | Reached XP level 3. HP: 18/18 MP: 4/4
  1554 | D:2      | Reached skill level 8 in Stealth
  1683 | D:2      | Found a white marble altar of Elyvilon.
  1934 | D:3      | Found an iron altar of Okawaru.
  1977 | D:3      | Found an iron altar of Okawaru.
  2061 | D:3      | Slain by an orc

Skill      XL: |  1  2  3 |
---------------+----------+-----
Stealth        | 6 7 8 |  8.1
Fighting       | |  1.5
Short Blades   | |  2.1
Throwing       | |  2.0
Dodging        | |  1.5

Action                   || total
-------------------------++-------
Melee: Dagger            ||   118
 Fire: Hunting sling     ||    14
  Use: Scroll            ||     5
 Stab: Sleeping          ||    16
Armor: Robe              ||    19
Dodge: Dodged            ||    76
